 Dungeon Crawl Stone Soup version 0.18.1-48-g4cf74bf (webtiles) character file.

1953 Gargoyl the Covered (level 8, -7/63 HPs)
             Began as a Demonspawn Abyssal Knight on Aug 16, 2016.
             Was an Elder of Lugonu.
             Splashed by a brown ugly thing's acid (9 damage)
             ... on level 7 of the Dungeon.
             The game lasted 00:11:34 (6315 turns).

Gargoyl the Covered (Demonspawn Abyssal Knight)     Turns: 6315, Time: 00:11:34

Health: -7/63      AC:  7    Str: 14    XL:     8   Next: 99%
Magic:  10/10      EV:  8    Int: 14    God:    Lugonu [****..]
Gold:   141        SH:  0    Dex: 13    Spells: 0 memorised, 7 levels left

rFire  . . .     SeeInvis +     s - +4 war axe
rCold  . . .     Gourm    .     p - +0 chain mail
rNeg   . . .     Faith    .     (no shield)
rPois  .         Spirit   .     (helmet restricted)
rElec  .         Dismiss  .     t - +0 cloak
rCorr  .         Reflect  .     d - +0 pair of gloves
SustAt .         Harm     .     (no boots)
MR     .....                    (no amulet)
Stlth  ..........               (no ring)
                                y - ring of see invisible

@: confused, corroded, not resistant to hostile enchantments, extremely
unstealthy
A: horns 1, slimy green scales 2
a: Depart the Abyss, Bend Space, Banish, Corrupt, Renounce Religion


You were on level 7 of the Dungeon.
You worshipped Lugonu.
Lugonu was greatly pleased with you.
You were not hungry.

You visited 1 branch of the dungeon, and saw 7 of its levels.
You visited the Abyss 1 time.

You collected 351 gold pieces.
You spent 210 gold pieces at shops.

Inventory:

Hand Weapons
 s - a +4 war axe (weapon)
Missiles
 l - 10 tomahawks (quivered)
Armour
 d - a +0 pair of gloves (worn)
 p - a +0 chain mail (worn)
 t - a +0 cloak (worn)
Jewellery
 y - a ring of see invisible (left hand)
Wands
 b - a wand of disintegration (24/24)
 n - a wand of flame (23/48)
 o - a wand of flame (16/48)
 q - a wand of acid (5/15)
 B - a wand of acid (8/15)
Scrolls
 a - 2 scrolls of magic mapping
 k - 4 scrolls of identify
 u - a scroll of amnesia
 C - a scroll of blinking
Potions
 e - a potion of ambrosia
 f - 2 potions of brilliance
 i - a potion of invisibility
 m - a potion of flight {unknown}
 r - 3 potions of degeneration {unknown}
 w - a potion of might {unknown}
 z - 2 potions of lignification
 A - a potion of curing {unknown}
Books
 v - a book of Misfortune

   Spells                             Type                      Level
   a - Confusing Touch                Hexes                        2
   b - Confuse                        Hexes                        3
   c - Gell's Gravitas                Hexes/Translocation          3
   d - Petrify                        Transmutation/Earth          4
   e - Metabolic Englaciation         Hexes/Ice                    5
   f - Yara's Violent Unravelling     Hexes/Transmutation          5
 x - a book of the Tempests

   Spells                             Type                      Level
   a - Static Discharge               Conjuration/Air              3
   b - Lightning Bolt                 Conjuration/Air              5
   c - Fireball                       Conjuration/Fire             5
   d - Tornado                        Air                          9
   e - Shatter                        Earth                        9
Comestibles
 c - 3 bread rations
 g - 2 slices of pizza
 h - 3 beef jerkies
 j - 3 meat rations


   Skills:
 + Level 5.6 Fighting
 + Level 5.7 Axes
 * Level 6.3 Armour
 + Level 4.8 Dodging
 + Level 1.3 Stealth
 + Level 2.9 Invocations


You had 7 spell levels left.
You didn't know any spells.

Dungeon Overview and Level Annotations

Branches:
Dungeon (7/15)             Temple (0/1) D:6

Altars:
Elyvilon
Fedhas
Gozag
Nemelex Xobeh
Pakellas
Qazlal
Sif Muna
Zin
The Shining One

Shops:
D:6 =


Innate Abilities, Weirdness & Mutations

You have a pair of small horns on your head.
You are mostly covered in slimy green scales (AC +3).


Message History

The brown ugly thing is lightly wounded.
The brown ugly thing misses you.
Unknown command.
You slash the brown ugly thing!
You headbutt the brown ugly thing, but do no damage.
The brown ugly thing is moderately wounded.
The brown ugly thing headbutts you.
You are splashed with acid!
The acid corrodes you!
The acid burns!
The brown ugly thing headbutts you.
* * * LOW HITPOINT WARNING * * *
You are splashed with acid!
The acid burns!
* * * LOW HITPOINT WARNING * * *
Unknown command.
Drink which item? (? for menu, Esc to quit)
It was a potion of ambrosia.
You are confused.
You feel invigorated. The brown ugly thing headbutts you!
* * * LOW HITPOINT WARNING * * *
You are splashed with acid!
The acid burns!
You die...

#.# #.# #†#
#.# #.# #.#
#S# #u# #@#
#.#
#########.#
####.........#
.
#.......######
.# #.#####.#
.####.#
#.###### ...
..# #......#
..###.#
#.####.#


You could see a brown ugly thing and an adder.

Vanquished Creatures
  Eustachio (D:6)
  Menkaure (D:6)
  Duvessa (D:6)
  The ghost of Schimscham the Shield-Bearer, an amateur FoFi (D:3)
  3 ogres
  A giant frog (D:6)
  Dowan (D:6)
  A scorpion (D:7)
  A water moccasin skeleton (D:5)
  2 howler monkeys (D:5)
  2 crimson imps (D:5)
  Crazy Yiuf (D:6)
  A centaur skeleton (D:4)
  2 orc priests
  An iguana (D:6)
  A jelly (D:7)
  6 orc wizards
  5 worker ants
  Terence (D:2)
  A killer bee zombie (D:6)
  A worker ant zombie (D:5)
  Robin (D:3)
  12 gnolls
  2 howler monkey skeletons (D:4)
  9 adders
  A shadow imp (D:5)
  An ooze (D:2)
  An adder zombie (D:6)
  6 worms
  2 dart slugs
  2 giant geckos
  19 orcs
  2 ball pythons
  2 giant cockroaches
  17 goblins
  7 hobgoblins
  6 jackals
  6 kobolds
  7 bats
  A giant gecko skeleton (D:4)
  2 giant newts (D:1)
  A quokka zombie (D:5)
  10 rats
152 creatures vanquished.

Vanquished Creatures (others)
  An orc wizard (D:5)
  An orc (D:5)
2 creatures vanquished.

Grand Total: 154 creatures vanquished

Notes
Turn   | Place    | Note
--------------------------------------------------------------
     0 | Abyss:1  | Gargoyl the Demonspawn Abyssal Knight began the quest for the Orb.
     0 | Abyss:1  | Reached XP level 1. HP: 18/18 MP: 2/2
    59 | Abyss:1  | Found a corrupted altar of Lugonu.
   183 | Abyss:1  | Noticed a small abomination
   187 | D:1      | Escaped the Abyss
   464 | D:1      | Reached skill level 2 in Armour
   556 | D:1      | Reached * piety under Lugonu
   556 | D:1      | Gained mutation: You are partially covered in slimy green scales (AC +2). [demonic ancestry]
   556 | D:1      | Reached XP level 2. HP: 20/24 MP: 4/4
   726 | D:1      | Reached skill level 1 in Dodging
  1125 | D:2      | Noticed Terence
  1140 | D:2      | Killed Terence
  1140 | D:2      | Reached XP level 3. HP: 25/29 MP: 5/5
  1358 | D:2      | Gained mutation: You have a pair of small horns on your head. [demonic ancestry]
  1358 | D:2      | Reached XP level 4. HP: 35/35 MP: 6/6
  1434 | D:2      | Reached ** piety under Lugonu
  1538 | D:2      | Found a glowing silver altar of Zin.
  1538 | D:2      | Found a stormy altar of Qazlal.
  1556 | D:2      | Found a glowing golden altar of the Shining One.
  1691 | D:2      | Found a deep blue altar of Sif Muna.
  1968 | D:3      | Noticed Schimscham's ghost (amateur FoFi)
  2133 | D:3      | Killed Schimscham's ghost
  2133 | D:3      | Reached skill level 3 in Armour
  2133 | D:3      | Reached XP level 5. HP: 38/42 MP: 7/7
  2336 | D:3      | Found a white marble altar of Elyvilon.
  2784 | D:3      | Noticed Robin
  2803 | D:3      | Killed Robin
  2803 | D:3      | Gained mutation: You are mostly covered in slimy green scales (AC +3). [demonic ancestry]
  2803 | D:3      | Reached XP level 6. HP: 44/48 MP: 8/8
  2987 | D:3      | Found a blossoming altar of Fedhas.
  3587 | D:4      | Reached skill level 4 in Armour
  3676 | D:4      | Reached *** piety under Lugonu
  3710 | D:4      | Reached XP level 7. HP: 45/54 MP: 9/9
  4320 | D:5      | Entered Level 5 of the Dungeon
  4590 | D:5      | Reached skill level 5 in Armour
  4756 | D:5      | Reached skill level 1 in Stealth
  4886 | D:5      | Reached XP level 8. HP: 61/61 MP: 10/10
  5018 | D:5      | Reached **** piety under Lugonu
  5290 | D:6      | Found an oddly glowing altar of Pakellas.
  5365 | D:6      | Found Nilofi Vogh's Jewellery Boutique.
  5413 | D:6      | Bought an uncursed ring of see invisible for 210 gold pieces
  5422 | D:6      | Found an opulent altar of Gozag.
  5423 | D:6      | Noticed Eustachio
  5465 | D:6      | Killed Eustachio
  5465 | D:6      | Reached skill level 5 in Fighting
  5465 | D:6      | Reached skill level 5 in Axes
  5465 | D:6      | Reached skill level 6 in Armour
  5686 | D:6      | Found a staircase to the Ecumenical Temple.
  5757 | D:6      | Found a sparkling altar of Nemelex Xobeh.
  5765 | D:6      | Noticed Menkaure
  5772 | D:6      | Killed Menkaure
  5801 | D:6      | Noticed Duvessa
  5802 | D:6      | Noticed Dowan
  5808 | D:6      | Killed Duvessa
  5817 | D:6      | Killed Dowan
  6112 | D:6      | Noticed Crazy Yiuf
  6117 | D:6      | Killed Crazy Yiuf
  6298 | D:7      | Noticed a brown ugly thing
  6315 | D:7      | HP: 2/63 [brown ugly thing (12)]
  6315 | D:7      | Splashed by a brown ugly thing's acid

Skill      XL: |  1  2  3  4  5  6  7  8 |
---------------+-------------------------+-----
Armour         | 2 3 4 5 6 |  6.3
Dodging        | 1 2 3 4 |  4.8
Axes           | 2 3 4 5 |  5.7
Fighting       | 4 5 |  5.6
Stealth        | 1 |  1.3
Invocations    | |  2.9

Action                   |  1- 3 |  4- 6 |  7- 9 || total
-------------------------+-------+-------+-------++-------
Melee: Hand axe          |   121 |   120 |       ||   241
       Headbutt          |       |    27 |    30 ||    57
       War axe           |       |    73 |   210 ||   283
Invok: Depart the Abyss  |     1 |       |       ||     1
  Use: Potion            |       |     5 |     2 ||     7
       Scroll            |       |     7 |     1 ||     8
 Stab: Invisible         |       |       |     2 ||     2
  Eat: Chunk             |     2 |     9 |     7 ||    18
       Beef jerky        |       |       |     1 ||     1
Armor: Leather armour    |    51 |       |       ||    51
       Scale mail        |     7 |    93 |       ||   100
       Skin              |       |     5 |       ||     5
       Chain mail        |       |    15 |   219 ||   234
Dodge: Dodged            |    87 |   103 |   138 ||   328
